 Dungeon Crawl Stone Soup version 0.29-a0-317-gd16b76e6b1 (webtiles) character file.

Game seed: 8594550302268887662

558 Inarius the Chopper (level 7, -6/51 (54) HPs)
             Began as a Human Chaos Knight on Mar 31, 2022.
             Was a Plaything of Xom.
             Mangled by a wight
             ... wielding a +0 great sword
              (21 damage)
             ... on level 4 of the Dungeon.
             The game lasted 00:04:09 (3815 turns).

Inarius the Chopper (Human Chaos Knight)            Turns: 3815, Time: 00:04:09

HP:   -6/51 (54)    AC:  9    Str: 14    XL:     7   Next: 56%
MP:   7/7           EV:  7    Int: 12    God:    Xom [......]
Gold: 115           SH:  0    Dex: 19    Spells: 6/6 levels left

rFire   . . .      SeeInvis .   a - +0 hand axe (chaos)
rCold   . . .      Faith    .   (no shield)
rNeg    . . .      Spirit   .   i - +0 chain mail
rPois   .          Reflect  .   (helmet restricted)
rElec   .          Harm     .   (no cloak)
rCorr   .          Rampage  .   (no gloves)
Will    .....                   (no boots)
Stlth   ..........              (no amulet)
HPRegen 0.17/turn               l - +6 ring of dexterity
MPRegen 0.10/turn               (no ring)

@: drained
A: hooves 1, horns 1, MP-powered wands
a: Renounce Religion


You were on level 4 of the Dungeon.
You worshipped Xom.
You were a very special plaything of Xom.
You visited 1 branch of the dungeon, and saw 4 of its levels.

You collected 115 gold pieces.

Inventory:

Hand Weapons
 a - a +0 hand axe of chaos (weapon)
Armour
 b - a +2 leather armour
 f - a +0 helmet
 i - a +0 chain mail (worn)
Jewellery
 l - a +6 ring of dexterity (left hand)
Scrolls
 h - a scroll of amnesia {unknown}
 n - a scroll of silence {unknown}
 o - a scroll of enchant armour {unknown}
Potions
 d - 2 potions of curing {unknown}
 e - 2 potions of heal wounds {unknown}
 g - 2 potions of berserk rage {unknown}
 j - a potion of lignification {unknown}
 k - a potion of mutation {unknown}
 m - a potion of might {unknown}
Miscellaneous
 c - a piece from Xom's chessboard (13/15) (quivered)


   Skills:
 + Level 4.1 Fighting
 * Level 6.5 Axes
 + Level 3.4 Armour
 + Level 1.7 Dodging
 * Level 1.7 Evocations


You had 6 spell levels left.
You didn't know any spells.
Your spell library contained the following spells:

 Spells                   Type           Power      Damage    Failure   Level
 Beastly Appendage        Tmut           0%         N/A       100%        1
 Wereblood                Tmut           0%         N/A       100%        2
 Spider Form              Tmut/Pois      0%         N/A       100%        3


Dungeon Overview and Level Annotations

Branches:
Dungeon (4/15)
 Temple: D:4-7

Altars:
Makhleb
Wu Jian
Xom
Zin


Innate Abilities, Weirdness & Mutations

You have large cloven feet.
You have a pair of small horns on your head.
You expend magic power (3 MP) to strengthen your wands.


Message History

No target in view!
You start resting.
A wight is nearby!
A wight is nearby!
A wight comes into view. It is wielding a +1 mace.
The wight hits you with a +2 mace.
You hit the wight.
The wight is lightly damaged.
The wight barely misses you.
You barely miss the wight. Your kick misses the wight.
You headbutt the wight, but do no damage.
The wight is lightly damaged.
The wight hits you but does no damage.
You hit the wight but do no damage. Your headbutt misses the wight.
The wight is lightly damaged.
You hit the wight but do no damage. The wight hits you with a +1 mace.
You hit the wight. Lightning courses through the wight! You kick the wight.
You destroy the wight!
You hit the wight.
The wight flickers and vanishes!
Deactivating autopickup; reactivate with Ctrl-A.
Your piece from Xom's chessboard (13/15) has regained one charge.
You hit the wight. You burn the wight. You kick the wight.
Your headbutt misses the wight.
The wight is moderately damaged.
You closely miss something. You barely miss the wight.
The wight is moderately damaged.
You completely miss something. Something hits you!
The wight hits you with a +2 mace.
You feel drained.
You hit the wight but do no damage. Your kick misses the wight.
You headbutt the wight, but do no damage.
The wight is moderately damaged.
You hit something but do no damage.
Xom is highly amused!
Nothing appears to happen.
Something hits you! The wight hits you with a +2 mace.
* * * LOW HITPOINT WARNING * * *
You feel drained. Something hits you!!
You die...

*,***,* #........########### *,*
*,#####.#......#....5..#
*****,***.#........#.#.#.#####.##
*,,,,,,,.................##......
*,****,*#.#........#.#...##.#..#.
*,*,**,*,,#......#)#.#...##.#####
*,*,**,,,,#....).<.#.#...##.##§§≈
*,*,,,,*,,#....z{#.#.#...##.##≈#§
*,,,,,.####..###@#.#.....##..#≈..
,,,,,,...................>#..'...
,,,,,,........)....#.#....#.##≈..
,,*,**############...###....##§#.
***,* #...........#≈≈≈ *,*
#........####### ***,* #.#.###..#
#.. ,,,,* #.#..##..# #.. *****
#.#..##..#####.#


You could see a wight.

Vanquished Creatures
  A sky beast (D:4)
  A phantom (D:4)
  2 wights (D:4)
  A howler monkey (D:4)
  A hound (D:4)
  Jessica (D:3)
  2 orc wizards (D:4)
  5 adders
  3 worms (D:2)
  5 dart slugs
  5 orcs
  3 bats
  6 endoplasms
  4 giant cockroaches
  14 hobgoblins
  5 jackals
  6 quokkas
  3 ball pythons
  4 frilled lizards
  8 goblins
  4 kobolds
  A rat (D:2)
85 creatures vanquished.

Notes
Turn   | Place    | Note
-------+----------+-------------------------------------------
     0 | D:1      | Inarius the Human Chaos Knight began the quest for the Orb.
     0 | D:1      | Reached XP level 1. HP: 18/18 MP: 1/1
   116 | D:1      | XOM: divination: detect items
   130 | D:1      | Reached XP level 2. HP: 23/24 MP: 2/2
   157 | D:1      | XOM: divination: detect items
   348 | D:1      | XOM: scenery: summon butterflies
   420 | D:1      | XOM: scenery: 1 doors open
   550 | D:1      | Reached XP level 3. HP: 29/29 MP: 3/3
   879 | D:1      | XOM: give mutations
   879 | D:1      | Gained mutation: You have a pair of small horns on your
                  | head. [Xom's grace]
   879 | D:1      | Gained mutation: You have large cloven feet. [Xom's grace]
   879 | D:1      | Gained mutation: You expend magic power (3 MP) to
                  | strengthen your wands. [Xom's grace]
  1062 | D:2      | Found a faded altar of an unknown god.
  1187 | D:2      | XOM: 4-stop teleportation journey
  1231 | D:2      | XOM: 7-stop teleportation journey
  1307 | D:2      | Reached XP level 4. HP: 35/35 MP: 4/4
  1363 | D:2      | XOM: scenery: create altars
  1398 | D:2      | Reached skill level 4 in Axes
  1407 | D:2      | XOM: 1-stop teleportation journey
  1777 | D:2      | XOM: god gift: 13 stones
  1787 | D:2      | Found a glowing silver altar of Zin.
  1897 | D:2      | XOM: god gift: staff of poison
  2148 | D:3      | Found a burning altar of Makhleb.
  2180 | D:3      | XOM: divination: detect items
  2329 | D:3      | XOM: enchant monster (good)
  2332 | D:3      | Reached XP level 5. HP: 40/41 MP: 5/5
  2332 | D:3      | XOM: divination: magic mapping
  2340 | D:3      | Noticed Jessica
  2347 | D:3      | Killed Jessica
  2389 | D:3      | XOM: god gift: book of Changes
  2856 | D:3      | XOM: divination: detect items
  2888 | D:4      | XOM: cast spell 'Leda's Liquefaction'
  2890 | D:4      | XOM: 2-stop teleportation journey
  2911 | D:4      | XOM: noise
  2916 | D:4      | XOM: summons 3 hostile demons
  2917 | D:4      | Noticed an orange demon
  2923 | D:4      | XOM: enchant monster (good)
  2948 | D:3      | Reached skill level 5 in Axes
  3230 | D:4      | Reached XP level 6. HP: 44/48 MP: 6/6
  3293 | D:4      | Noticed a sky beast
  3293 | D:4      | XOM: 3-stop teleportation journey
  3297 | D:4      | XOM: potion effect (haste)
  3300 | D:4      | Killed a sky beast
  3301 | D:4      | Reached skill level 1 in Evocations
  3364 | D:4      | XOM: smoke on damage
  3488 | D:4      | Reached skill level 6 in Axes
  3488 | D:4      | Reached XP level 7. HP: 34/54 MP: 7/7
  3648 | D:4      | Found an ornate altar of the Wu Jian Council.
  3728 | D:4      | XOM: fog
  3815 | D:4      | Mangled by a wight

Illustrated notes

Levels and vault maps discovered:
D:1:      lemuel_arrival_rhombus, layout_basic, minivault_26
D:2:      layout_loops_corners, basic_altar,
          hellmonk_ecumenical_altar_heavens_door
D:3:      layout_basic, lemuel_round_altar, uniq_jessica
D:4:      layout_basic, nicolae_wu_jian_glorious_leap, minivault_23,
          kennysheep_small_square

Skill      XL: |  1  2  3  4  5  6 |
---------------+-------------------+-----
Axes           | 4 5 6 |  6.5
Evocations     | 1 |  1.7
Fighting       | 4 |  4.1
Armour         | 3 |  3.4
Dodging        | |  1.7

Action                   |  1- 3 |  4- 6 |  7- 9 || total
-------------------------+-------+-------+-------++-------
Melee: Hand axe          |   102 |   148 |    23 ||   273
       Kick              |     9 |    33 |     6 ||    48
       Headbutt          |     6 |    23 |     6 ||    35
       Punch             |     2 |     5 |       ||     7
Evoke: Piece from Xom's  |       |     3 |     3 ||     6
  Use: Scroll            |       |     1 |       ||     1
 Stab: Confused          |     1 |       |       ||     1
       Paralysed         |       |     1 |       ||     1
Armor: Leather armour    |    33 |    11 |       ||    44
       Chain mail        |       |    82 |     9 ||    91
Dodge: Dodged            |    66 |    51 |     6 ||   123

Table legend: (Time is in decaauts)
 A = Elapsed time spent in this place.
 B = Non-inter-level travel time spent in this place.
 C = Inter-level travel time spent in this place.
 D = Time resting spent in this place.
 E = Time spent auto-exploring this place.
 F = Levels seen in this place.
 G = Mean time per level.
                   A        B        C        D        E       F      G
               +--------+--------+--------+--------+--------+-----+--------+
         Total |   3820 |   3701 |    119 |    474 |   2578 |   4 |  955.0 |
       Dungeon |   3820 |   3701 |    119 |    474 |   2578 |   4 |  955.0 |
               +--------+--------+--------+--------+--------+-----+--------+

Top non-repeatable levels by time:
     D:2: 1097 daAuts
     D:1: 1046 daAuts
     D:3: 998 daAuts
     D:4: 678 daAuts
